[Event "European Rapid Championship 2021"]
[Site "Katowice"]
[Date "2021.12.19"]
[Round "7.23"]
[White "Vingris, Mikelis"]
[Black "Rudnicki, Milosz"]
[Result "1/2-1/2"]
[ECO "B35"]
[WhiteElo "1904"]
[BlackElo "2200"]
[Annotator "NA"]
[PlyCount "117"]
[EventDate "2021.12.18"]
[EventType "swiss"]
[EventCountry "POL"]
[SourceTitle "playchess.com"]
[Source "ChessBase"]
[SourceQuality "1"]
[TimeControl "900+10"]

1. e4 c5 2. Nf3 Nc6 3. d4 cxd4 4. Nxd4 g6 5. Nc3 Bg7 6. Be3 Nf6 7. Bc4 O-O 8. Bb3 d6 9. f3 Nd7 10. Qd2 Nb6 11. O-O Na5 12. Qd3 Nxb3 13.
axb3 Bd7 14. Nce2 Qc7 15. c4 Bc6 16. Ra2 Nd7 17. b4 a5 18.
Rfa1 b6 19. Nb5 Qb7 20. bxa5 Rxa5 21. Rxa5 bxa5 22. Rxa5 Bxb2 23. Qc2 Bf6 24. Qa2 Ra8 25. Ned4 Rxa5 26. Qxa5 Kg7 27. g3 Ne5 28. Qa2 Bd7 29. Kf2 Nc6 30. Nxc6 Bxc6 31. Nd4 Bd7 32. Qb3 Qa6 33. f4 Qa1 34. Nf3 Bh3 35. Ne1 Bc3 36. Ng2 Be6 37. h4 Bd4 38. Bxd4+ Qxd4+ 39. Ne3 h5 40. f5 gxf5 41. exf5 Bxf5 42. Ke2 Be6 43. Qb5 Bg4+ 44. Nxg4 Qxg4+ 45. Kf2 Kg6 46. Qc6 Kf6 47. Qc7 Qe4 48. Qd8 Qf5+ 49. Kg2 Qe4+ 50. Kf2 Qc2+ 51. Kf3 Qd1+ 52. Kf2 Ke6 53. Qc8+ Ke5 54. Qh8+ Ke4 55. Qh7+ Kd4 56. Qxf7 Qd2+ 57. Kg1 Qe1+ 58. Kg2 Qe4+ 59. Kf2 1/2-1/2

[Event "European Rapid Championship 2021"]
[Site "Katowice"]
[Date "2021.12.19"]
[Round "7.24"]
[White "Mikhaletz, Lubomir"]
[Black "Agafonov, Yuri Dr"]
[Result "1/2-1/2"]
[ECO "B12"]
[WhiteElo "2166"]
[BlackElo "1938"]
[Annotator "NA"]
[PlyCount "97"]
[EventDate "2021.12.18"]
[EventType "swiss"]
[EventCountry "POL"]
[SourceTitle "playchess.com"]
[Source "ChessBase"]
[SourceQuality "1"]
[TimeControl "900+10"]

1. e4 c6 2. d4 d5 3. e5 c5 4. c4 cxd4 5. Qxd4 Be6 6. cxd5 Qxd5 7. Qxd5 Bxd5 8. Nc3 e6 9. Nxd5 exd5 10.
Nf3 Nc6 11. a3 Bc5 12. b4 Bb6 13. Bb2 Nge7 14. Bd3 O-O 15. O-O Ng6 16. g3 Rfe8 17. Rfe1 Re7 18. b5 Na5 19. a4 Rae8 20. Kg2 Nc4 21. Bxc4 dxc4 22. Re4 Rc8 23. a5 f5 24. Re2 Bd8 25. Bc3 Rd7 26. a6 bxa6 27. Rxa6 Bb6 28. Ba5 c3 29. Bxb6 axb6 30. Rc2 Rd5 31. Rxb6 Nxe5 32. Nxe5 Rxe5 33. Kf3 Kf7 34. Rb7+ Kf6 35. b6 Rc6 36. Rb8 Rb5 37. b7 Rcb6 38. Rxc3 Rxb7 39. Rf8+ Ke7 40. Rcc8 g5 41. h4 Rb3+ 42. Kg2 gxh4 43. gxh4 R7b4 44. Rxf5 Rxh4 45. Rg8 Rh6 46. Rfg5 Rf6 47. Rh8 Rbf3 48. Rxh7+ Ke6 49. Rg6 1/2-1/2

[Event "European Rapid Championship 2021"]
[Site "Katowice"]
[Date "2021.12.19"]
[Round "7.24"]
[White "Batashevs, Arsens"]
[Black "Teclaf, Pawel"]
[Result "0-1"]
[ECO "A00"]
[WhiteElo "2165"]
[BlackElo "2345"]
[Annotator "NA"]
[PlyCount "62"]
[EventDate "2021.12.18"]
[EventType "swiss"]
[EventCountry "POL"]
[SourceTitle "playchess.com"]
[Source "ChessBase"]
[SourceQuality "1"]
[TimeControl "900+10"]

1. g3 d5 2. Bg2 g6 3. Nh3 Nf6 4. O-O Bg7 5. f3 O-O 6. Nf2 c5 7. e4 Nc6 8. c3 b6 9. Na3 dxe4 10. fxe4 Nd7 11. Nc2 Ba6 12. Re1 c4 13. b3 b5 14. d4 cxd3 15. Qxd3 Rc8 16. Bb2 Qb6 17. Qxd7 Rcd8 18. Qg4 Rd2 19. Re2 Ne5 20. Rxd2 Nxg4 21. Rad1 Rc8 22. Nb4 Bb7 23. Nd5 Bxd5 24. exd5 Bh6 25. Re2 Nxf2 26. Rxf2 Be3 27. Rdf1 Qa5 28. Bc1 Bxf2+ 29. Rxf2 Qxc3 30. Bh6 Qd4 31. Kf1 Qd1# 0-1

[Event "European Rapid Championship 2021"]
[Site "Katowice"]
[Date "2021.12.19"]
[Round "7.25"]
[White "Papasimakopoulos, Alexandros"]
[Black "Solys, Laimutis"]
[Result "1-0"]
[ECO "D31"]
[WhiteElo "2274"]
[BlackElo "2300"]
[Annotator "NA"]
[PlyCount "97"]
[EventDate "2021.12.18"]
[EventType "swiss"]
[EventCountry "POL"]
[SourceTitle "playchess.com"]
[Source "ChessBase"]
[SourceQuality "1"]
[TimeControl "900+10"]

1. d4 d5 2. c4 e6 3. Nc3 dxc4 4. e4 c5 5. d5 Nf6 6. Nf3 exd5 7. e5 Nfd7 8.
Bg5 Be7 9. Bxe7 Qxe7 10. Nxd5 Qd8 11. Bxc4 O-O 12. O-O Nc6 13. Re1 Nb6 14. Nxb6 axb6 15. Qd6 Bg4 16. Bd5 Qxd6 17. exd6 Bxf3 18. Bxf3 Nd4 19. Bxb7 Rad8 20. Re7 Rxd6 21. h3 g6 22. a4 Kg7 23. Ba6 Kf6 24. Rae1 Ne6 25. Ra7 Rfd8 26. Bc4 Rd1 27. Kf1 Rxe1+ 28. Kxe1 Rd6 29. h4 h5 30. g3 Nd8 31. Ke2 Ne6 32. Ke3 Nd8 33. b3 Ne6 34. Rb7 Nd8 35.
Rc7 Ne6 36. Rc8 Nd8 37. a5 bxa5 38. Rxc5 Nc6 39. Ke4 Rd4+ 40. Ke3 Rd6 41. Rb5 Nd4 42. Rxa5 Nf5+ 43. Kf3 Rb6 44. Ke4 Nd6+ 45. Kd5 Nf5 46. Ra6 Rxa6 47. Bxa6 Ke7 48. b4 f6 49. Bd3 1-0

[Event "European Rapid Championship 2021"]
[Site "Katowice"]
[Date "2021.12.19"]
[Round "7.25"]
[White "Kozlowski, Michal"]
[Black "Sliwicka, Alicja"]
[Result "1-0"]
[ECO "B59"]
[WhiteElo "2047"]
[BlackElo "2303"]
[Annotator "NA"]
[PlyCount "133"]
[EventDate "2021.12.18"]
[EventType "swiss"]
[EventCountry "POL"]
[SourceTitle "playchess.com"]
[Source "ChessBase"]
[SourceQuality "1"]
[TimeControl "900+10"]

1. e4 c5 2. Nf3 Nc6 3. d4 cxd4 4. Nxd4 Nf6 5. Nc3 d6 6. Be2 e5 7. Nb3 Be6 8. Bg5 Be7 9. Bxf6 Bxf6 10. Nd5 O-O 11. O-O a5 12. a4 Nb4 13. Nxf6+ Qxf6 14. c3 Nc6 15. Nd2 Rad8 16. Bc4 Ne7 17. Qb3 d5 18. exd5 Nxd5 19. Ne4 Qg6 20. Ng3 Nf4 21. Bxe6 Qxe6 22. Qxe6 Nxe6 23. Rfd1 Nc5 24. b4 axb4 25. cxb4 Rxd1+ 26. Rxd1 Nxa4 27. Rd7 b6 28. Re7 Rc8 29. h3 Kf8 30. Rxe5 Rc1+ 31. Kh2 Rb1 32. Re4 Rb2 33. Kg1 g6 34. Rd4 Nc3 35. Rc4 Na2 36. Ne4 Rb1+ 37. Kh2 Rxb4 38. Rc8+ Kg7 39. Nd6 Rb2 40. Kg3 Kf6 41. Rc7 Ke6 42. Nxf7 b5 43. Ng5+ Kd6 44. Rxh7 b4 45. Ne4+ Kc6 46. Rg7 Re2 47. Kf3 Re1 48. Rxg6+ Kb5 49. Rg8 Nc1 50. h4 Rh1 51. g3 Rd1 52. h5 Rd3+ 53. Kg4 b3 54. Rb8+ Ka5 55. h6 Rd7 56. Nc5 Rd4+ 57. Kf3 Rd5 58.
Nxb3+ Nxb3 59. Rxb3 Rh5 60. Kg4 Rxh6 61. f4 Ka4 62. Rb8 Ka5 63.
Kg5 Rh1 64. f5 Ka6 65. f6 Ka7 66. Rb4 Rf1 67. Rf4 1-0

[Event "European Rapid Championship 2021"]
[Site "Katowice"]
[Date "2021.12.19"]
[Round "7.26"]
[White "Pacuszka, Tomasz"]
[Black "Bjerre, Jonas Buhl"]
[Result "0-1"]
[ECO "B20"]
[WhiteElo "2193"]
[BlackElo "2330"]
[Annotator "NA"]
[PlyCount "60"]
[EventDate "2021.12.18"]
[EventType "swiss"]
[EventCountry "POL"]
[SourceTitle "playchess.com"]
[Source "ChessBase"]
[SourceQuality "1"]
[TimeControl "900+10"]

1. e4 c5 2. Be2 Nc6 3. f4 e6 4. Nf3 d5 5. d3 Bd6 6. O-O Nge7 7. c3 f6 8. Na3 O-O 9. Qe1 b6 10. Qg3 Ba6 11. Re1 Qc7 12. Qh3 Kh8 13.
g3 c4 14. e5 Bxa3 15. bxa3 cxd3 16. exf6 Rxf6 17. Bf1 h6 18. c4 Bxc4 19. Bb2 d4 20. Nxd4 Nxd4 21. Bxd4 Rg6 22. Rec1 Rd8 23. Be5 Qc5+ 24. Kh1 Nc6 25. Qh4 Bd5+ 26. Bg2 Bxg2+ 27. Kxg2 Qd5+ 28. Kg1 Nxe5 29. fxe5 d2 30. Rf1 Rg5 0-1

[Event "European Rapid Championship 2021"]
[Site "Katowice"]
[Date "2021.12.19"]
[Round "7.26"]
[White "Budzisz, Adrian"]
[Black "Chojnacki, Slawomir"]
[Result "1-0"]
[ECO "B13"]
[WhiteElo "1985"]
[BlackElo "2165"]
[Annotator "NA"]
[PlyCount "99"]
[EventDate "2021.12.18"]
[EventType "swiss"]
[EventCountry "POL"]
[SourceTitle "playchess.com"]
[Source "ChessBase"]
[SourceQuality "1"]
[TimeControl "900+10"]

1. e4 c6 2. d4 d5 3. exd5 cxd5 4. Bd3 Nc6 5. c3 Nf6 6. Bf4 g6 7. Nf3 Bf5 8. O-O e6 9. Ne5 Bd6 10. Re1 O-O 11. Bxf5 exf5 12. Qb3 Qb6 13. Qxb6 axb6 14. Nxg6 hxg6 15. Bxd6 Rfe8 16. Rxe8+ Rxe8 17. Kf1 Na5 18. Nd2 Ne4 19. Nxe4 fxe4 20. b3 b5 21. Ke2 Ra8 22. Rc1 Ra6 23. Bc5 f5 24. Ke3 Kf7 25. h4 Ra8 26. Kf4 Kf6 27. Bd6 Nc6 28.
Rc2 Nd8 29. Ke3 Ke6 30. Bc5 Nc6 31. g3 Nd8 32. Rb2 Rc8 33.
a4 b6 34. Bxb6 Rxc3+ 35. Ke2 Nb7 36. a5 Nd6 37. Bc5 Ne8 38.
a6 Nc7 39. a7 Kd7 40. Ra2 Na8 41. b4 Rb3 42. Ra6 Rb2+ 43. Kf1 Rb1+ 44. Kg2 Rb2 45. Rxg6 e3 46. Rg7+ Kd8 47. Rg8+ Kd7 48. Rxa8 Ra2 49. Rf8 e2 50. Rf7+ 1-0

[Event "European Rapid Championship 2021"]
[Site "Katowice"]
[Date "2021.12.19"]
[Round "7.27"]
[White "Zylka, Stanislaw"]
[Black "Andrejczuk, Beata"]
[Result "1-0"]
[ECO "B01"]
[WhiteElo "2367"]
[BlackElo "1925"]
[Annotator "NA"]
[PlyCount "95"]
[EventDate "2021.12.18"]
[EventType "swiss"]
[EventCountry "POL"]
[SourceTitle "playchess.com"]
[Source "ChessBase"]
[SourceQuality "1"]
[TimeControl "900+10"]

1. e4 d5 2. exd5 Qxd5 3. Nc3 Qa5 4. d4 c6 5. Nf3 Nf6 6. Ne5 Be6 7. Qd3 Nbd7 8. Nc4 Qc7 9. g3 Nb6 10. Bf4 Qd8 11. Nxb6 Qxb6 12. Bg2 O-O-O 13. O-O-O g6 14. Rhe1 Bg7 15. Be5 h5 16. h4 Rhe8 17. Kb1 Bh8 18. a3 Nd7 19. Bf4 Qa5 20. Rxe6 fxe6 21. Bh3 Nf8 22. Qe4 Rd7 23. Rd3 Red8 24. Ne2 Qd5 25. Qxd5 exd5 26. Bxd7+ Kxd7 27. c3 Re8 28. Bh6 e5 29. Rf3 Ne6 30. dxe5 Bxe5 31. Kc2 Kd6 32. b4 c5 33. Rf7 cxb4 34. axb4 Nd8 35. Rh7 a6 36. Bf4 b6 37. Rg7 Re6 38.
Bxe5+ Kxe5 39. Nf4 Rc6 40. Rxg6 Rxg6 41. Nxg6+ Kf5 42. Nf4 a5 43. bxa5 bxa5 44. Nxh5 a4 45. Nf4 Ke4 46. h5 Nc6 47. h6 d4 48. h7 1-0

[Event "European Rapid Championship 2021"]
[Site "Katowice"]
[Date "2021.12.19"]
[Round "7.27"]
[White "Kyc, Jerzy"]
[Black "Liodakis, Konstantinos-Spyros"]
[Result "1-0"]
[ECO "C63"]
[WhiteElo "2308"]
[BlackElo "2114"]
[Annotator "NA"]
[PlyCount "65"]
[EventDate "2021.12.18"]
[EventType "swiss"]
[EventCountry "POL"]
[SourceTitle "playchess.com"]
[Source "ChessBase"]
[SourceQuality "1"]
[TimeControl "900+10"]

1. e4 e5 2. Nf3 Nc6 3. Bb5 f5 4. Nc3 fxe4 5. Nxe4 d5 6. Ng3 e4 7. Qe2 Qe7 8. Nd4 Bd7 9. Nxc6 bxc6 10. Ba4 Nf6 11. Qa6 Qc5 12. O-O Bd6 13. c3 Bxg3 14. hxg3 O-O 15. d4 exd3 16. Qxd3 Ng4 17. Qd4 Qd6 18. Bf4 Qg6 19. f3 Nf6 20. Bxc7 c5 21. Qh4 Bf5 22. Bd6 Rfc8 23. Be5 Nd7 24. Rfe1 Nb6 25. Bb5 c4 26. g4 Bd3 27. Bd4 Rc7 28. Re7 Qd6 29. Rae1 a6 30. Rxc7 Qxc7 31. Re7 Qf4 32. Rxg7+ Kf8 33. Qe7# 1-0

[Event "European Rapid Championship 2021"]
[Site "Katowice"]
[Date "2021.12.19"]
[Round "7.28"]
[White "Kowalski, Igor"]
[Black "Koziorowicz, Michal"]
[Result "0-1"]
[ECO "A48"]
[WhiteElo "2295"]
[BlackElo "2041"]
[Annotator "NA"]
[PlyCount "102"]
[EventDate "2021.12.18"]
[EventType "swiss"]
[EventCountry "POL"]
[SourceTitle "playchess.com"]
[Source "ChessBase"]
[SourceQuality "1"]
[TimeControl "900+10"]

1. d4 Nf6 2. Nf3 g6 3. Bf4 Bg7 4. e3 d5 5. c3 O-O 6. h3 c5 7. dxc5 Ne4 8. Be5 f6 9. Bh2 Nxc5 10. Be2 Nc6 11. O-O e5 12. Nbd2 Be6 13.
b4 Nd7 14. Nb3 Qb6 15. Rc1 Kh8 16. a4 a5 17. b5 Ne7 18. c4 dxc4 19. Bxc4 Bxc4 20. Rxc4 Rfd8 21. Qc1 Qe6 22. Nfd2 Nd5 23. Qa1 Bf8 24. Rfc1 Bb4 25. Bg3 N7b6 26. R4c2 Rac8 27. Ne4 Rxc2 28. Rxc2 Qf5 29. f3 Nxe3 30. Rc1 Nec4 31. Rd1 Rxd1+ 32. Qxd1 Kg7 33. Qd8 Qe6 34. Bh4 g5 35. Bf2 Nxa4 36. h4 h6 37. g4 Qe7 38. Qd3 Nab2 39. Qc2 a4 40. Nc1 Qd7 41. Kg2 Qd1 42.
Qb1 a3 43. Ng3 Qxf3+ 44. Kh3 h5 45. hxg5 Qxg4+ 46. Kh2 Qh4+ 47. Kg2 Qxg5 48. Na2 h4 49. Qe4 hxg3 50. Qxb7+ Kh6 51. Bxg3 Be1 0-1

[Event "European Rapid Championship 2021"]
[Site "Katowice"]
[Date "2021.12.19"]
[Round "7.28"]
[White "Kiolbasa, Damian"]
[Black "Czerw, Dawid"]
[Result "0-1"]
[ECO "A13"]
[WhiteElo "1893"]
[BlackElo "2158"]
[Annotator "NA"]
[PlyCount "68"]
[EventDate "2021.12.18"]
[EventType "swiss"]
[EventCountry "POL"]
[SourceTitle "playchess.com"]
[Source "ChessBase"]
[SourceQuality "1"]
[TimeControl "900+10"]

1. Nf3 e6 2. g3 Nf6 3. Bg2 d5 4. c4 dxc4 5. Qa4+ Nbd7 6.
Qxc4 a6 7. Qc2 c5 8. b3 Be7 9. Bb2 O-O 10. O-O Qc7 11. Rc1 b5 12. d3 Bb7 13. Nbd2 Rac8 14. h4 h6 15. a3 Qb8 16. e4 Rfd8 17. a4 Ng4 18.
axb5 axb5 19. Ra5 Bc6 20. d4 cxd4 21. Nxd4 Bb4 22. Nxc6 Rxc6 23. Qxc6 Bxa5 24. Nf3 Bb6 25. Bd4 Bxd4 26. Nxd4 Nde5 27. Qc3 Qa7 28. Rd1 b4 29. Qd2 Nf6 30. Qe3 Neg4 31. Qe2 Rxd4 32. Rc1 Nxf2 33. Qxf2 Ng4 34. Rc8+ Kh7 0-1

[Event "European Rapid Championship 2021"]
[Site "Katowice"]
[Date "2021.12.19"]
[Round "7.29"]
[White "Budrewicz, Krzysztof"]
[Black "Szczurek, Krzysztof"]
[Result "1-0"]
[ECO "E91"]
[WhiteElo "2281"]
[BlackElo "2086"]
[Annotator "NA"]
[PlyCount "71"]
[EventDate "2021.12.18"]
[EventType "swiss"]
[EventCountry "POL"]
[SourceTitle "playchess.com"]
[Source "ChessBase"]
[SourceQuality "1"]
[TimeControl "900+10"]

1. d4 Nf6 2. c4 d6 3. Nf3 g6 4. Nc3 Bg7 5. e4 O-O 6. Be2 Nbd7 7. Be3 e5 8. d5 Nc5 9. Nd2 a5 10. b3 Ne8 11. O-O f5 12. a3 f4 13. Bxc5 dxc5 14. Bg4 Nf6 15.
Bxc8 Qxc8 16. Na4 b6 17. d6 f3 18. Nxf3 Rd8 19. Qe2 Rxd6 20.
Rad1 Qe6 21. Rxd6 Qxd6 22. Rd1 Qe7 23. Nc3 Rd8 24. Nd5 Nxd5 25.
exd5 a4 26. bxa4 Ra8 27. Nd2 Rxa4 28. Qd3 Qd7 29. Ne4 Kh8 30. h4 Qd8 31. d6 h6 32. d7 Bf8 33. Qd5 Bg7 34. Qf7 Kh7 35.
Rd3 b5 36. Rg3 1-0

[Event "European Rapid Championship 2021"]
[Site "Katowice"]
[Date "2021.12.19"]
[Round "7.29"]
[White "Helis, Tadeusz"]
[Black "Musial, Tomasz"]
[Result "0-1"]
[ECO "A05"]
[WhiteElo "2155"]
[BlackElo "1916"]
[Annotator "NA"]
[PlyCount "96"]
[EventDate "2021.12.18"]
[EventType "swiss"]
[EventCountry "POL"]
[SourceTitle "playchess.com"]
[Source "ChessBase"]
[SourceQuality "1"]
[TimeControl "900+10"]

1. Nf3 Nf6 2. c4 e6 3. g3 b6 4. Bg2 Bb7 5. O-O Be7 6. b3 O-O 7. Bb2 d5 8. e3 c5 9. Nc3 Nbd7 10. cxd5 Nxd5 11. Nxd5 Bxd5 12. d4 Bf6 13. Qe2 cxd4 14. Nxd4 Bxg2 15. Kxg2 Qc7 16. Rac1 Qb7+ 17. Qf3 Qxf3+ 18. Kxf3 e5 19. Rc7 Nc5 20. Rd1 exd4 21. exd4 Ne6 22. Rc2 Rad8 23. d5 Bxb2 24. Rxb2 Rd6 25. Rbd2 Nc7 26. h4 Rfd8 27. Ke4 Ne8 28. f3 Nf6+ 29. Ke5 h5 30. Rd4 Kf8 31. g4 hxg4 32. fxg4 Ke7 33. g5 Ne8 34. Kf5 Nc7 35. Ke5 f6+ 36. Ke4 Nb5 37. Rc4 Re6+ 38.
Kf4 Re5 39. a4 Nd6 40. Rc7+ Rd7 41. Rc6 Re4+ 42. Kg3 fxg5 43. hxg5 Re3+ 44. Kf4 Rxb3 45. Re1+ Kd8 46. Re6 Rb4+ 47. Kf3 Nf5 48. Re4 Nd4+ 0-1

[Event "European Rapid Championship 2021"]
[Site "Katowice"]
[Date "2021.12.19"]
[Round "7.30"]
[White "Dzierzak, Radoslaw"]
[Black "Szwed, Jacek"]
[Result "0-1"]
[ECO "B44"]
[WhiteElo "2075"]
[BlackElo "2372"]
[Annotator "NA"]
[PlyCount "92"]
[EventDate "2021.12.18"]
[EventType "swiss"]
[EventCountry "POL"]
[SourceTitle "playchess.com"]
[Source "ChessBase"]
[SourceQuality "1"]
[TimeControl "900+10"]

1. e4 c5 2. Nf3 e6 3. d4 cxd4 4. Nxd4 Nc6 5. Nb5 d6 6. c4 Nf6 7. N1c3 a6 8. Na3 Be7 9. Be2 O-O 10. O-O Ne5 11. Be3 b6 12. f3 Rb8 13.
Rc1 Bb7 14. Qd4 Ned7 15. Rfd1 Re8 16. Qd2 Qc7 17. Kh1 Kh8 18. Nc2 Rg8 19. Nd4 Nh5 20. b4 g5 21. Ndb5 axb5 22. Nxb5 Qd8 23. Nxd6 Ne5 24. Qb2 Bxd6 25. c5 f6 26. Rxd6 Qe7 27. Rxb6 Nf4 28.
Bd4 Nxe2 29. Qxe2 Ba8 30. Rxb8 Rxb8 31. Qb2 Qc7 32. Bxe5 fxe5 33. b5 g4 34. b6 Qg7 35. c6 gxf3 36. gxf3 Rc8 37. c7 Bb7 38. Rd1 Qf6 39. Rd3 Rg8 40. Qf2 Bxe4 41. Re3 Bb7 42. a4 e4 43. h3 exf3 44. a5 Qa1+ 45. Kh2 Rg2+ 46. Qxg2 fxg2 0-1

[Event "European Rapid Championship 2021"]
[Site "Katowice"]
[Date "2021.12.19"]
[Round "7.30"]
[White "Galuszka, Tomasz"]
[Black "Tworzydlo, Piotr"]
[Result "1/2-1/2"]
[ECO "B43"]
[WhiteElo "1886"]
[BlackElo "2152"]
[Annotator "NA"]
[PlyCount "93"]
[EventDate "2021.12.18"]
[EventType "swiss"]
[EventCountry "POL"]
[SourceTitle "playchess.com"]
[Source "ChessBase"]
[SourceQuality "1"]
[TimeControl "900+10"]

1. e4 c5 2. Nf3 e6 3. d4 cxd4 4. Nxd4 a6 5. Nc3 Qc7 6. g3 Nf6 7. Bg2 Bc5 8. O-O O-O 9. Nb3 Be7 10. a4 d6 11. a5 Bd7 12. Be3 Bc6 13. Qe2 Re8 14. Rfd1 Nbd7 15. h3 Rac8 16. f4 h6 17. g4 Nf8 18. Qf2 d5 19. Bb6 Qb8 20. exd5 exd5 21. Nxd5 Bxd5 22. Bxd5 Nxd5 23. Rxd5 Ng6 24. Rf1 Bf6 25. Nc5 Bh4 26. Qd4 Rc6 27. Rd7 Bg5 28. Qd5 Be7 29. Nd3 Rd6 30. Qxb7 Rxd7 31. Qxd7 Bf6 32. Qc7 Qa8 33. f5 Ne5 34. Nxe5 Bxe5 35. Qc4 Bxb2 36. Qd3 Bf6 37. c4 Qc6 38. c5 Re4 39. Qf3 Bd4+ 40. Kh1 Qe8 41. f6 Re3 42. Qg2 Re2 43. Qf3 Qe5 44. Qf4 Qd5+ 45. Qf3 Qe5 46. Qf4 Qd5+ 47. Qf3 1/2-1/2

[Event "European Rapid Championship 2021"]
[Site "Katowice"]
[Date "2021.12.19"]
[Round "8.1"]
[White "Donchenko, Alexander"]
[Black "Piesik, Piotr"]
[Result "1-0"]
[ECO "A06"]
[WhiteElo "2535"]
[BlackElo "2342"]
[Annotator "ChessBase"]
[PlyCount "79"]
[EventDate "2021.12.18"]
[EventType "swiss"]
[EventCountry "POL"]
[SourceTitle "playchess.com"]
[Source "ChessBase"]
[SourceQuality "1"]
[TimeControl "900+10"]

1. Nf3 d5 2. g3 Nf6 3. Bg2 c6 4. c4 g6 5. b3 Bg7 6. Bb2 O-O 7. O-O a5 8. Nc3 Bg4 9. Ne5 Be6 10. d4 Nbd7 11. Nd3 Re8 12. Nf4 Nf8 13.
cxd5 Nxd5 14. Ncxd5 Bxd5 15. Nxd5 cxd5 16. Qd3 Qd7 17. a4 Rec8 18. Rac1 Ne6 19. e3 Nd8 20. Qb5 Qxb5 21. axb5 e6 22. e4 dxe4 23. Bxe4 Rab8 24. Rfd1 b6 25. Kf1 Bf8 26. Ke2 Bd6 27. Rc4 Rxc4 28. bxc4 Rc8 29. c5 Bc7 30. f4 Rb8 31. c6 f5 32. d5 fxe4 33.
d6 Bxd6 34. Rxd6 Nf7 35. Rxe6 a4 36. c7 Rc8 37. Rxb6 a3 38.
Bd4 h5 39. Rb8 Nd6 40. b6 1-0

[Event "European Rapid Championship 2021"]
[Site "Katowice"]
[Date "2021.12.19"]
[Round "8.1"]
[White "Adamczewski, Maciej"]
[Black "Lubczynski, Rafal"]
[Result "1/2-1/2"]
[ECO "D15"]
[WhiteElo "2081"]
[BlackElo "2289"]
[Annotator "NA"]
[PlyCount "46"]
[EventDate "2021.12.18"]
[EventType "swiss"]
[EventCountry "POL"]
[SourceTitle "playchess.com"]
[Source "ChessBase"]
[SourceQuality "1"]
[TimeControl "900+10"]

1. d4 Nf6 2. c4 c6 3. Nc3 d5 4. Nf3 a6 5. cxd5 cxd5 6. Bf4 b5 7. e3 Bb7 8. Rc1 Nc6 9. Be2 e6 10. O-O Be7 11. h3 O-O 12. Ne1 Na5 13.
Nd3 Rc8 14. Nc5 Qb6 15. b4 Nc4 16. Nb1 Bc6 17. Qe1 Ra8 18.
Nc3 a5 19. a4 axb4 20. Nxb5 Bxb5 21. Qxb4 Bxa4 22. Rxc4 Qb5 23.
Qxb5 Bxb5 1/2-1/2

[Event "European Rapid Championship 2021"]
[Site "Katowice"]
[Date "2021.12.19"]
[Round "8.2"]
[White "Brodowski, Piotr"]
[Black "Sumets, Andrey"]
[Result "1/2-1/2"]
[ECO "A13"]
[WhiteElo "2414"]
[BlackElo "2508"]
[Annotator "ChessBase"]
[PlyCount "37"]
[EventDate "2021.12.18"]
[EventType "swiss"]
[EventCountry "POL"]
[SourceTitle "playchess.com"]
[Source "ChessBase"]
[SourceQuality "1"]
[TimeControl "900+10"]

1. c4 e6 2. Nf3 d5 3. e3 Nf6 4. b3 b6 5. g3 Bb7 6. Bg2 Be7 7. O-O O-O 8. Bb2 c5 9. Nc3 Qc8 10. Rc1 Rd8 11. Qc2 Nc6 12. cxd5 Nxd5 13. Nxd5 Rxd5 14. d4 cxd4 15. Nxd4 Rc5 16. Qd2 Nxd4 17. Bxd4 Bxg2 18. Bxc5 Qb7 19. Bxe7 1/2-1/2

[Event "European Rapid Championship 2021"]
[Site "Katowice"]
[Date "2021.12.19"]
[Round "8.2"]
[White "Wisniewski, Adrian"]
[Black "Jazdanovs, Aleksandrs"]
[Result "1-0"]
[ECO "B50"]
[WhiteElo "2351"]
[BlackElo "2089"]
[Annotator "NA"]
[PlyCount "59"]
[EventDate "2021.12.18"]
[EventType "swiss"]
[EventCountry "POL"]
[SourceTitle "playchess.com"]
[Source "ChessBase"]
[SourceQuality "1"]
[TimeControl "900+10"]

1. e4 c5 2. Nf3 d6 3. c3 Nf6 4. Bc4 e6 5. d3 a6 6. Nbd2 Be7 7. Bb3 O-O 8.
O-O Nc6 9. Re1 b5 10. Qe2 Bb7 11. Nf1 Ne5 12. Bc2 Qc7 13. Ng3 Rfe8 14. h3 Rac8 15. Nh2 Ng6 16. f4 e5 17. f5 Nf4 18. Bxf4 exf4 19. Nh5 b4 20.
Nxf4 d5 21. e5 Bd6 22. Nf3 Bxe5 23. Nxe5 Nd7 24. d4 cxd4 25. cxd4
Nxe5 26. Ba4 Nd7 27. Qxe8+
Rxe8 28. Rxe8+ Nf8 29. Rae1 g5 30. Nh5 1-0

[Event "European Rapid Championship 2021"]
[Site "Katowice"]
[Date "2021.12.19"]
[Round "8.3"]
[White "Keinanen, Toivo"]
[Black "Mirzoev, Emil"]
[Result "1/2-1/2"]
[ECO "A46"]
[WhiteElo "2341"]
[BlackElo "2418"]
[Annotator "NA"]
[PlyCount "54"]
[EventDate "2021.12.18"]
[EventType "swiss"]
[EventCountry "POL"]
[SourceTitle "playchess.com"]
[Source "ChessBase"]
[SourceQuality "1"]
[TimeControl "900+10"]

1. d4 Nf6 2. Nf3 e6 3. e3 b6 4. Bd3 Bb7 5. O-O d6 6. c4 Nbd7 7. Nc3 g6 8. e4 Bg7 9. Be3 O-O 10. Qd2 e5 11. d5 Ng4 12. Bg5 f6 13.
Bh4 a5 14. b3 h5 15. h3 Nh6 16. Ne2 Bc8 17. Bg3 Qe8 18. Nh4 g5 19. Nf5 Nc5 20. Nxg7 Kxg7 21. f3 Nxd3 22. Qxd3 f5 23. h4 f4 24. hxg5 Nf7 25. Bh4 Nh8 26. Kf2 Ng6 27. Rh1 a4 1/2-1/2

[Event "European Rapid Championship 2021"]
[Site "Katowice"]
[Date "2021.12.19"]
[Round "8.3"]
[White "Paprocki, Jaroslaw"]
[Black "Fus, Jakub"]
[Result "0-1"]
[ECO "E16"]
[WhiteElo "2165"]
[BlackElo "2252"]
[Annotator "NA"]
[PlyCount "162"]
[EventDate "2021.12.18"]
[EventType "swiss"]
[EventCountry "POL"]
[SourceTitle "playchess.com"]
[Source "ChessBase"]
[SourceQuality "1"]
[TimeControl "900+10"]

1. d4 Nf6 2. Nf3 e6 3. c4 Bb4+ 4. Bd2 Qe7 5. a3 Bxd2+ 6.
Qxd2 d6 7. b4 a5 8. b5 e5 9. e3 exd4 10. Qxd4 Nbd7 11. Be2 Nc5 12. Nbd2 O-O 13. O-O Bg4 14. Rfe1 Rfe8 15. Rad1 Rad8 16. Qc3 a4 17. Nd4 Bc8 18. Bf3 Nfd7 19. Bg4 Ne5 20. Bxc8 Rxc8 21. Nf1 g6 22. e4 Ned7 23. f3 Nb6 24. Ne3 Qf6 25. Ne2 Qxc3 26. Nxc3 Kg7 27. Ncd5 Nbd7 28. Re2 Ne5 29. Red2 Nb3 30. Rc2 Red8 31. h3 h5 32. Kf2 Nd7 33. Nc3 Nb6 34. Ncd5 Nd7 35. g4 hxg4 36. hxg4 Nbc5 37. g5 Ne6 38. f4 c6 39. bxc6 bxc6 40. Ne7 Rc7 41. Rxd6 Ndc5 42. Rxd8 Nxd8 43. N7f5+ gxf5 44. exf5 Rb7 45. Ng4 Rb3 46. Nf6 Ndb7 47. Nh5+ Kf8 48. Re2 Rh3 49. Nf6 Rh2+ 50. Kf3 Rxe2 51. Kxe2 Nd6 52. g6 Nxf5 53. gxf7 Kxf7 54. Ng4 Ke6 55. Kd2 Ne4+ 56. Kd3 Nf6 57. Ne5 c5 58. Nf3 Nd6 59. Nh4 Nd7 60. Kc3 Nb6 61. Ng6 Ndxc4 62. Nf8+ Kd5 63. f5 Nxa3 64. f6 Nb5+ 65. Kb2 Nd6 66. Ka3 Ke5 67. Nh7 Nb5+ 68. Ka2 Ke6 69. Ng5+ Kd6 70. Ne4+ Kc6 71. Ng5 Nd7 72. Nh7 Nd6 73. Ka3 Kb5 74. Kb2 Kb4 75. Kc2 Nf7 76. Kd3 a3 77. Kc2 c4 78. Kc1 Kc3 79. Kb1 Kd2 80. Ka2 c3 81. Kxa3 c2 0-1